[ AOE2 MATCH · #488799752 ]
UnrankedSpanish vs Portuguese
[ REPLAY ANALYSIS · EXTRACTED FROM THE RECORDED GAME ]
Feudal
—
Castle
—
Imperial
—
| APM avg | 33.2 |
| APM peak | 45 |
| eAPM avg | 10.8 |
| Villagers / military | 9 / 0 |
Focus
⚔️ 0.0% · 🌾 100.0%
Feudal
—
Castle
—
Imperial
—
| APM avg | 3.2 |
| APM peak | 8 |
| eAPM avg | 3.2 |
| Villagers / military | 4 / 0 |
Focus
⚔️ 0.0% · 🌾 100.0%
Feudal
—
Castle
—
Imperial
—
| APM avg | 38.8 |
| APM peak | 58 |
| eAPM avg | 9.2 |
| Villagers / military | 6 / 0 |
Focus
⚔️ 7.1% · 🌾 92.9%
Feudal
—
Castle
—
Imperial
—
| APM avg | 18.0 |
| APM peak | 27 |
| eAPM avg | 11.2 |
| Villagers / military | 10 / 0 |
Focus
⚔️ 0.0% · 🌾 100.0%
Feudal
—
Castle
—
Imperial
—
| APM avg | 95.1 |
| APM peak | 94 |
| eAPM avg | 10.0 |
| Villagers / military | 8 / 0 |
Focus
⚔️ 0.0% · 🌾 100.0%
Feudal
—
Castle
—
Imperial
—
| APM avg | 43.6 |
| APM peak | 57 |
| eAPM avg | 14.8 |
| Villagers / military | 5 / 0 |
Focus
⚔️ 43.3% · 🌾 56.7%
Feudal
—
Castle
—
Imperial
—
| APM avg | 56.0 |
| APM peak | 70 |
| eAPM avg | 18.4 |
| Villagers / military | 6 / 0 |
Focus
⚔️ 39.5% · 🌾 60.5%
Feudal
—
Castle
—
Imperial
—
| APM avg | 30.8 |
| APM peak | 50 |
| eAPM avg | 11.2 |
| Villagers / military | 5 / 0 |
Focus
⚔️ 38.1% · 🌾 61.9%
Match map
Initial resources + every placement click. Lines = walls · curves = elevation contours. ◆ gold · ⬟ stone · ● berries · ✦ relic · ◌ wall gap
Your base
老k's base
DS_Gitano Urbano's base
follow the white rabbit Δ's base
XEVER | Masa!'s base
Rocker_'s base
慢工出烂活,欲速则一坨's base
RDA Ghosti's base
Smoothed initial terrain · ◌ = detected wall gap · hover for details
Inputs per minute
— Mameluco adbuser - - 老k
Build order — Mameluco adbuser
13 actions detected in the replay
| 0:01 | Create | Villager (Male) |
| 0:01 | Create | Villager (Male) |
| 0:01 | Create | Villager (Male) |
| 0:03 | Build | House |
| 0:04 | Build | House |
| 0:18 | Create | Villager (Male) |
| 0:18 | Create | Villager (Male) |
| 1:22 | Build | Lumber Camp |
| 1:34 | Create | Villager (Male) |
| 1:35 | Create | Villager (Male) |
| 1:58 | Research | Loom |
| 2:04 | Create | Villager (Male) |
| 2:05 | Create | Villager (Male) |
Build order — 老k
5 actions detected in the replay
| 0:04 | Create | Villager (Male) |
| 0:04 | Create | Villager (Male) |
| 0:05 | Create | Villager (Male) |
| 0:05 | Create | Villager (Male) |
| 0:06 | Build | House |
Build order — DS_Gitano Urbano
6 actions detected in the replay
| 0:02 | Create | Villager (Male) ×4 |
| 0:03 | Build | House |
| 0:05 | Build | House |
| 1:26 | Create | Villager (Male) |
| 1:26 | Create | Villager (Male) |
| 1:34 | Build | Lumber Camp |
Build order — follow the white rabbit Δ
12 actions detected in the replay
| 0:01 | Create | Villager (Male) |
| 0:01 | Create | Villager (Male) |
| 0:03 | Build | House |
| 0:04 | Build | House |
| 0:05 | Create | Villager (Male) |
| 0:15 | Create | Villager (Male) |
| 0:15 | Create | Villager (Male) |
| 1:26 | Create | Villager (Male) |
| 1:26 | Create | Villager (Male) |
| 1:59 | Create | Villager (Male) |
| 2:15 | Create | Villager (Male) |
| 2:16 | Create | Villager (Male) |
Build order — XEVER | Masa!
12 actions detected in the replay
| 0:10 | Build | House |
| 0:11 | Build | House |
| 0:14 | Research | Loom |
| 0:15 | Research | Loom |
| 0:27 | Create | Villager (Male) |
| 0:27 | Create | Villager (Male) |
| 0:46 | Create | Villager (Male) |
| 1:47 | Create | Villager (Male) |
| 1:48 | Create | Villager (Male) |
| 2:12 | Create | Villager (Male) |
| 2:12 | Create | Villager (Male) |
| 2:13 | Create | Villager (Male) |
Build order — Rocker_
7 actions detected in the replay
| 0:01 | Create | Villager (Male) |
| 0:01 | Create | Villager (Male) |
| 0:01 | Create | Villager (Male) |
| 0:01 | Create | Villager (Male) |
| 0:02 | Create | Villager (Male) |
| 0:04 | Build | House |
| 0:06 | Build | House |
Build order — 慢工出烂活,欲速则一坨
9 actions detected in the replay
| 0:01 | Create | Villager (Male) |
| 0:01 | Create | Villager (Male) |
| 0:02 | Create | Villager (Male) |
| 0:02 | Create | Villager (Male) |
| 0:03 | Build | House |
| 0:04 | Build | House |
| 1:22 | Create | Villager (Male) |
| 1:37 | Create | Villager (Male) |
| 1:50 | Build | Lumber Camp |
Build order — RDA Ghosti
7 actions detected in the replay
| 0:02 | Create | Villager (Male) |
| 0:02 | Create | Villager (Male) |
| 0:03 | Create | Villager (Male) |
| 0:03 | Create | Villager (Male) |
| 0:03 | Create | Villager (Male) |
| 0:05 | Build | House |
| 0:06 | Build | House |
Match timeline
| 0:11 | 老k · resign |
[ AI ANALYSIS · 1 CREDIT ]
What really happened in this match?
Wolo.gg analyzes every decision: build order, eco, micro, common mistakes by bracket. Personalized analysis on WhatsApp or Discord in 30 seconds.
Civ guide
Spanish
Perfil
Mameluco adbuser